Unix NetHack Version 3.7.0-94 Work-in-progress - last build Dec 18 2023 00:11:04 (7e3deff068b9ef4f2ebb9a71ea0f5c4a3b578a14,branch:master). Game began 2023-12-24 12:22:47, ended 2023-12-24 12:53:44. proxxiSWE, lawful male human Archeologist ------ |..|.-- -------.....| --...--.....-- |.......----- |......-- ..- -*.---- --o.. --..| |.%.- |...-- ----------)--- --...|--.....).)..| |....--.*---------- |........| ---.^....| -#..|.-- ------ ProxxiSWE the Field Worker St:14 Dx:13 Co:14 In:14 Wi:16 Ch:7 Lawful S:3732 Dlvl:4 $:0 HP:0(34) Pw:24(24) AC:7 Xp:5/211 T:4156 Latest messages: You see here a gnome lord corpse. There is a gnome lord corpse here; eat it? [ynq] (n) y This gnome lord corpse tastes okay. You hear rumbling in the distance. You finish eating the gnome lord corpse. A dagger misses you. You stop searching. You kill the gnome! It is hit. It is hit. What do you want to use or apply? [afkloptBJL or ?*] f There is a gnome corpse here; tin it? [ynq] (n) y O - a tin of gnome meat (3 in total). The hill orc thrusts one of his daggers. The hill orc hits! You hit the hill orc. The hill orc thrusts one of his daggers. The hill orc hits! You hit the hill orc! You hit the hill orc. The hill orc hits! The hill orc thrusts one of his daggers. The hill orc hits! What do you want to drink? [jnxE or ?*] n You feel better. The hill orc just misses! The hill orc thrusts one of his daggers. The hill orc hits! You hit the gnome. The gnome swings wildly and misses! You hit the gnome. You hit the gnome. The gnome swings wildly and misses! What do you want to wield? [- ap or ?*] a a - a +2 bullwhip (weapon in right hand). p - a corroded +0 pick-axe (alternate weapon; not wielded). The gnome attacks a spot beside you. You kill the gnome! The hill orc misses! You lash the hill orc. The hill orc hits! You kill the hill orc! You miss the hill orc. The hill orc thrusts one of his daggers. The hill orc hits! You lash the hill orc. The hill orc thrusts one of his daggers. The hill orc hits! You die... Do you want your possessions identified? [ynq] (y) q Inventory: Weapons a - a +2 bullwhip (weapon in right hand) Armor c - an uncursed +1 fedora (being worn) D - an uncursed +0 large shield (being worn) b - an uncursed burnt +0 leather jacket (being worn) Comestibles d - an uncursed food ration O - 3 uncursed homemade tins of gnome meat Scrolls P - an uncursed scroll of remove curse g - an uncursed scroll of teleportation named telep? Spellbooks l - an uncursed spellbook of knock Potions j - an uncursed potion of blindness E - a blessed potion of gain energy x - a cursed potion of restore ability Rings q - an uncursed ring of invisibility (on left hand) w - an uncursed ring of protection from shape changers (on right hand) Wands o - a wand of secret door detection (0:12) Tools B - an uncursed sack containing 1 item J - a bag of tricks (0:0) L - an uncursed credit card p - a corroded +0 pick-axe (alternate weapon; not wielded) k - an uncursed skeleton key f - a tinning kit (0:51) Gems/Stones z - 2 uncursed jade stones t - an uncursed touchstone Contents of the sack: 2648 gold pieces ProxxiSWE the Archeologist's attributes: Background: You were a Field Worker, a level 5 male human Archeologist. You were lawful, on a mission for Quetzalcoatl who was opposed by Camaxtli (neutral) and Huhetotl (chaotic). You were right-handed. You were in the Gnomish Mines, on level 4. You entered the dungeon 4156 turns ago. You had 211 experience points, 109 more were needed to attain level 6. Your score was 3732 before end-of-game adjustments. Basics: You had 0 out of 34 hit points. You had all 24 energy points (spell power). Your armor class was 7. Your wallet was empty, but you had 2648 zorkmids stashed away in your pack. Autopickup was on for '$!?/="' plus thrown. Final Characteristics: Your strength was 14 (limit:18/100). Your dexterity was 13 (limit:18). Your constitution was 14 (limit:18). Your intelligence was 14 (limit:18). Your wisdom was 16 (limit:18). Your charisma was 7 (limit:18). Final Status: You weren't hungry. You were unencumbered. You were wielding a whip. You had basic skill with whip. Final Attributes: You were piously aligned. You had automatic searching. You were invisible. You were stealthy. You were protected from shape changers. You are dead. Miscellaneous: You never encountered a bones level. Total elapsed playing time was 30 minutes and 56 seconds. Major events: Turn 1: proxxiSWE the lawful male human Archeologist entered the dungeon 896: attained the rank of Field Worker (level 3) 1083: entered the Gnomish Mines 4156: killed by a hill orc Vanquished creatures: 2 shriekers a gnome leader 2 giant ants 2 kittens a hill orc a giant bat a dwarf zombie a werejackal an iguana 2 acid blobs 2 coyotes 2 hobbits 2 manes 2 hobgoblins a cave spider a yellow mold 11 gnomes 4 geckos 4 jackals 3 foxes a kobold 2 goblins a sewer rat 4 grid bugs a bat 6 lichens a kobold zombie 6 newts 68 creatures vanquished. No species were genocided or became extinct. Voluntary challenges: You read items or engraved 4 times. You never engraved Elbereth. You never genocided any monsters. You never polymorphed an object. You never changed form. You used no wishes. Achievements: You attained the rank of Field Worker. You entered the Gnomish Mines. The Dungeons of Doom: levels 1 to 5 Level 1: A fountain, a sink, a grave. Level 2: An altar to Quetzalcoatl. Stairs down to The Gnomish Mines. Level 3: Some fountains. Level 4: Level 5: A sink. The Gnomish Mines: levels 3 to 4 Level 3: Level 4: <- You were here. Final resting place for you, killed by a hill orc. Game over: ---------- / \ / REST \ / IN \ / PEACE \ / \ | proxxiSWE | | 2648 Au | | killed by a hill | | orc | | | | | | 2023 | *| * * * | * _________)/\\_//(\/(/\)/\//\/|_)_______ Goodbye proxxiSWE the Archeologist... You died in The Gnomish Mines on dungeon level 4 with 3468 points, and 2648 pieces of gold, after 4156 moves. You were level 5 with a maximum of 34 hit points when you died.